 Dungeon Crawl Stone Soup version 0.23-a0-480-g1869896 (webtiles) character file.

27017 MisterFreud the Severer (level 13, -14/186 HPs)
             Began as a Hill Orc Fighter on Nov 28, 2018.
             Was a High Priest of Beogh.
             Demolished by a tyrant leech (29 damage)
             ... on level 5 of the Lair of Beasts.
             The game lasted 00:43:35 (14797 turns).

MisterFreud the Severer (Hill Orc Fighter)         Turns: 14797, Time: 00:43:35

Health: -14/186    AC: 28    Str: 29    XL:     13   Next: 29%
Magic:  17/17      EV:  8    Int:  8    God:    Beogh [*****.]
Gold:   1035       SH:  0    Dex: 12    Spells: 12/12 levels left

rFire    + + .     SeeInvis .   H - +10 battleaxe of Simpemm {venom, rPois rF+}
rCold    . . .     Gourm    .   (shield currently unavailable)
rNeg     . . .     Faith    .   I - +12 plate armour of Sojapiz {*Drain rF+ Dex+2 Stlth+}
rPois    +         Spirit   .   D - +0 helmet
rElec    .         Reflect  .   U - +0 cloak {MR+}
rCorr    +         Harm     .   (no gloves)
MR       ++...                  (no boots)
Stlth    ..........             P - amulet of the acrobat
HPRegen  0.41/turn              r - ring of protection from magic
MPRegen  0.15/turn              n - ring of resist corrosion

@: berserking, very quick
A: walk on water
a: Smiting, Recall Orcish Followers, Give Item to Named Follower, Renounce
Religion


You were on level 5 of the Lair of Beasts.
You worshipped Beogh.
Beogh was extremely pleased with you.
You were not hungry.

You visited 2 branches of the dungeon, and saw 17 of its levels.

You collected 1455 gold pieces.
You spent 420 gold pieces at shops.

Inventory:

Hand Weapons
 A - a +5 war axe of protection
 F - the +10 triple crossbow of Trauma {penet, rElec rC++}
   (You bought it in a shop on level 7 of the Dungeon)

   Ammo fired by it will pass through the targets it hits, potentially hitting
   all targets in its path until it reaches maximum range.
   It greatly protects you from cold.
   It insulates you from electricity.
 G - the +1 morningstar of Blind Justice {crush, rC+ MR+}
   (You found it on level 8 of the Dungeon)

   It inflicts extra damage upon your enemies.
   It protects you from cold.
   It affects your resistance to hostile enchantments.
 H - the +10 battleaxe of Simpemm (weapon) {venom, rPois rF+}
   (You acquired it on level 11 of the Dungeon)

   It poisons the flesh of those it strikes.
   It protects you from fire.
   It protects you from poison.
Missiles
 x - 51 bolts
Armour
 D - a +0 helmet (worn)
 I - the +12 plate armour of Sojapiz (worn) {*Drain rF+ Dex+2 Stlth+}
   (You acquired it on level 2 of the Lair of Beasts)

   It affects your dexterity (+2).
   It protects you from fire.
   It causes draining when unequipped.
   It makes you more stealthy.
 U - a +0 cloak of magic resistance (worn)
Jewellery
 h - an uncursed ring of positive energy
 n - a ring of resist corrosion (right hand)
 r - a ring of protection from magic (left hand)
 J - an uncursed ring of poison resistance
 M - an uncursed ring of magical power
 P - an amulet of the acrobat (around neck)
 W - an uncursed ring of fire
 X - an uncursed ring of fire
Wands
 v - a wand of paralysis (2)
 w - a wand of polymorph (20)
 y - a wand of disintegration (18)
 E - a wand of random effects (19)
 Q - a wand of flame (45)
 R - a wand of digging (5)
 T - a wand of acid (10)
Scrolls
 a - 5 scrolls of teleportation
 b - 3 scrolls of blinking
 j - 9 scrolls of enchant armour
 m - 5 scrolls of fear
 s - 11 scrolls of remove curse
 u - 7 scrolls of amnesia
 L - a scroll of enchant weapon
 V - 2 scrolls of random uselessness {unknown}
 Z - a scroll of vulnerability {unknown}
Potions
 e - 2 potions of mutation
 g - 4 potions of brilliance
 i - 7 potions of lignification
 k - a potion of degeneration
 l - a potion of agility
 q - 4 potions of flight
 t - a potion of heal wounds
 B - 2 potions of magic
 C - 2 potions of haste
 K - 7 potions of curing
 N - 2 potions of ambrosia {unknown}
 S - a potion of cancellation
 Y - a potion of berserk rage {unknown}
Miscellaneous
 O - a phantom mirror
Comestibles
 f - 33 rations


   Skills:
 - Level 14.0 Fighting
 + Level 17.5 Axes
 * Level 8.9 Armour
   Level 7.2 Shields
 - Level 6.0 Invocations
 - Level 6.0 Evocations


You had 12 spell levels left.
You didn't know any spells.
Your spell library contained the following spells:

 Spells                   Type           Power        Failure   Level  Hunger
 Animate Skeleton         Necr           N/A          98%         1    ##.....
 Apportation              Tloc           #.....       98%         1    ##.....
 Confusing Touch          Hex            #.....       98%         1    ##.....
 Summon Small Mammal      Summ           #...         98%         1    ##.....
 Ice Form                 Ice/Tmut       #.......     100%        4    #####..
 Metabolic Englaciation   Hex/Ice        #.........   100%        5    ######.
 Bolt of Cold             Conj/Ice       #.........   100%        6    #######
 Freezing Cloud           Conj/Ice/Air   #.........   100%        6    #######
 Ozocubu's Refrigeration  Ice            #.........   100%        6    #######
 Simulacrum               Ice/Necr       #.........   100%        6    #######


Dungeon Overview and Level Annotations

Branches:
Dungeon (12/15)            Temple (0/1) D:6            Lair (5/6) D:10
  Swamp (0/4) Lair:2        Snake (0/4) Lair:3          Orc (0/2) D:11
  Slime: Lair:5-6

Altars:
Ashenzari
Elyvilon
Hepliaklqana
Kikubaaqudgha
Okawaru
Qazlal
Ru
Trog
Uskayaw
Vehumet
Yredelemnul

Shops:
D:6 :   D:7 (   D:10 (%

Annotations:
D:12 3 runed doors, Lavandula's ghost, journeyman NaAE
Lair:3 exclusion: ice statue
Lair:4 exclusion: oklob plant


Message History

The torpor snail is severely wounded.
You slash the tyrant leech! The tyrant leech bites you!
* * * LOW HITPOINT WARNING * * *
The tyrant leech draws strength from your injuries!
Your orc knight roars a battlecry!
Your orc knight goes into a battle-frenzy!
The torpor snail bites you but does no damage.
Your orc warrior closely misses the tyrant leech.
Your sun demon hits the torpor snail!!
The torpor snail dies!
Beogh accepts your kill.
You slice the tyrant leech!!
The tyrant leech is moderately wounded.
You feel yourself speed up.
Your sun demon is no longer moving slowly.
Grimold is no longer moving slowly.
Your orc warrior is no longer moving slowly.
Your orc knight is no longer moving slowly.
The tyrant leech bites you!!
You die...

#P........#
##........#
#........#
#......#.## .#
#..#..#...##....
###.............
..##.#.o..†≈......
.....owo††≈≈≈≈≈.≈.
#P....≈@o≈≈≈≈≈≈≈≈.
.....3≈≈#######≈≈≈
.....≈≈≈# #≈≈
.(...≈≈≈≈ ≈≈
.P...≈≈P#
.PP>.≈≈≈#
PP#...≈≈≈
.####...≈


You could see a tyrant leech (berserk), 2 friendly orc knights, the friendly
Grimold the orc high priest, a friendly sun demon and a friendly orc warrior.

Vanquished Creatures
  Erolcha (D:12)
  Harold (D:8)
  3 two-headed ogres
  Urug (D:12)
  An unseen horror (D:10)
  Pikel (D:5)
  An ugly thing (D:12)
  A centaur zombie (D:10)
  Maurice (D:12)
  A guardian serpent (shapeshifter) (D:9)
  A black mamba (Lair:3)
  A torpor snail (Lair:5)
  A gargoyle (D:11)
  2 spiny frogs
  2 komodo dragons
  A freezing wraith (Lair:3)
  2 trolls
  2 polar bears
  4 tyrant leeches (Lair:5)
  Grinder (D:3)
  3 hippogriffs
  A spriggan (Lair:2)
  3 wraiths
  2 wyverns
  5 yaks
  2 shadows
  A hungry ghost (D:11)
  4 vampire mosquitoes (D:10)
  Grum (D:8)
  2 nagas (Lair:3)
  3 water moccasins
  6 porcupines
  2 slaves (D:5)
  2 sky beasts
  Duvessa (D:5)
  3 orc warriors
  2 black bears
  2 necrophages
  4 ice beasts
  10 wolves
  2 ogres
  4 phantoms
  5 centaurs
  2 elf zombies (D:9)
  2 crocodiles
  14 bullfrogs
  An elf skeleton (D:9)
  Dowan (D:5)
  A water moccasin skeleton (D:9)
  4 scorpions
  A troll skeleton (D:9)
  3 howler monkeys
  8 wights
  An electric eel (D:9)
  3 crimson imps
  2 bullfrog zombies
  2 bullfrog skeletons
  4 hounds
  Crazy Yiuf (D:3)
  3 human zombies (D:9)
  A jelly (D:8)
  5 orc wizards
  3 centaur skeletons
  2 orc priests (D:8)
  2 iguanas
  Ijyb (D:3)
  Natasha (thrice) (D:2 D:3)
  11 worker ants
  2 hound zombies
  2 mummies (D:9)
  A worker ant zombie (D:5)
  10 adders
  4 shadow imps
  A white imp (Lair:3)
  An ooze (D:4)
  An adder zombie (D:9)
  2 worms
  4 dart slugs
  7 leopard geckos
  23 orcs
  12 bats
  2 giant cockroaches
  11 goblins
  6 hobgoblins
  15 jackals
  4 quokkas
  2 ball pythons
  4 frilled lizards
  A jackal skeleton (D:7)
  6 kobolds (D:1)
  A leopard gecko skeleton (D:5)
  A quokka skeleton (D:4)
  A quokka zombie (D:9)
  4 rats
  2 fungi
310 creatures vanquished.

Vanquished Creatures (collateral kills)
  2 hydras
  2 two-headed ogres
  An ugly thing (D:11)
  A moth of wrath (Lair:5)
  A black mamba (Lair:2)
  A torpor snail (Lair:5)
  A komodo dragon (Lair:3)
  A rime drake (Lair:3)
  A troll (D:11)
  A polar bear (Lair:3)
  8 tyrant leeches (Lair:5)
  A hippogriff (Lair:1)
  A hornet (D:9)
  A bog body (Lair:2)
  A wyvern (D:11)
  5 yaks
  3 swamp worms (Lair:5)
  A naga (Lair:3)
  A water moccasin (Lair:3)
  An acid dragon (D:11)
  A soldier ant (D:11)
  2 porcupines
  An ice beast (Lair:3)
  2 sky beasts
  2 orc warriors
  3 crocodiles
  A centaur (D:10)
  An elf zombie (D:9)
  2 bullfrogs
  A quasit (D:10)
  A bullfrog skeleton (D:10)
  2 orc priests
  2 worker ants
  A hound zombie (D:10)
  A mummy (D:9)
  An adder (D:10)
  2 shadow imps
  A white imp (Lair:3)
  A leopard gecko (D:10)
  2 orcs
  A quokka (D:10)
  5 fungi
  4 plants
75 creatures vanquished.

Vanquished Creatures (others)
  3 orc warriors
  2 orc priests
  An adder (D:12)
  12 orcs
  A hobgoblin (D:3)
  7 fungi
  10 plants
  5 toadstools (D:2)
41 creatures vanquished.

Grand Total: 426 creatures vanquished

Notes
Turn   | Place    | Note
-------+----------+-------------------------------------------
     0 | D:1      | MisterFreud the Hill Orc Fighter began the quest for the
                  | Orb.
     0 | D:1      | Reached XP level 1. HP: 19/19 MP: 1/1
    21 | D:1      | Reached skill level 3 in Axes
    96 | D:1      | Reached XP level 2. HP: 25/26 MP: 2/2
   287 | D:1      | Reached skill level 4 in Axes
   468 | D:1      | Reached XP level 3. HP: 28/31 MP: 3/3
  1006 | D:2      | Noticed Natasha
  1020 | D:2      | Killed Natasha
  1020 | D:2      | Reached skill level 5 in Axes
  1168 | D:2      | Found a radiant altar of Vehumet.
  1195 | D:2      | Reached XP level 4. HP: 39/39 MP: 4/4
  1832 | D:2      | Reached skill level 6 in Axes
  2166 | D:3      | Became a worshipper of Beogh the Brigand
  2166 | D:3      | Noticed Natasha
  2170 | D:3      | Killed Natasha
  2170 | D:3      | Reached XP level 5. HP: 45/45 MP: 5/5
  2211 | D:3      | Noticed Natasha
  2227 | D:3      | Killed Natasha
  2227 | D:3      | Reached skill level 7 in Axes
  2363 | D:3      | Found a basalt altar of Yredelemnul.
  2363 | D:3      | Found an iron altar of Okawaru.
  2395 | D:3      | Reached skill level 8 in Axes
  2395 | D:3      | Reached XP level 6. HP: 41/51 MP: 6/6
  2462 | D:3      | Found a runed door.
  2466 | D:3      | Noticed Crazy Yiuf
  2472 | D:3      | Killed Crazy Yiuf
  2724 | D:3      | Reached * piety under Beogh
  2783 | D:3      | Noticed Ijyb
  2784 | D:3      | Noticed Grinder
  2793 | D:3      | Killed Ijyb
  2813 | D:3      | Killed Grinder
  2813 | D:3      | Reached XP level 7. HP: 32/64 MP: 7/7
  3030 | D:4      | Found a shattered altar of Ashenzari.
  3584 | D:4      | Reached skill level 9 in Axes
  3598 | D:4      | Reached ** piety under Beogh
  3598 | D:4      | Reached XP level 8. HP: 63/74 MP: 8/8
  3677 | D:4      | Reached skill level 1 in Invocations
  3767 | D:4      | Found a stormy altar of Qazlal.
  3999 | D:5      | Entered Level 5 of the Dungeon
  4238 | D:5      | Reached skill level 10 in Axes
  4432 | D:5      | Reached skill level 5 in Invocations
  4560 | D:5      | Noticed Duvessa
  4560 | D:5      | Noticed Dowan
  4571 | D:5      | Killed Duvessa
  4603 | D:5      | Killed Dowan
  4809 | D:5      | Found a hazy altar of Hepliaklqana.
  4900 | D:5      | Noticed Pikel
  4916 | D:5      | Paralysed by Pikel for 3 turns
  4920 | D:5      | Killed Pikel
  4920 | D:5      | Reached XP level 9. HP: 77/81 MP: 13/13
  5473 | D:6      | Found a white marble altar of Elyvilon.
  5630 | D:6      | Found a staircase to the Ecumenical Temple.
  5693 | D:6      | Found Tihyfaunt's Book Boutique.
  6256 | D:7      | Found Warorrum's Antique Weapon Shoppe.
  6261 | D:7      | Bought a dazzling triple crossbow for 420 gold pieces
  6266 | D:7      | Identified the +10 triple crossbow of Trauma {penet, rElec
                  | rC++} (You bought it in a shop on level 7 of the Dungeon)
  6668 | D:7      | Reached skill level 1 in Evocations
  6994 | D:8      | Noticed Grum
  7285 | D:8      | Reached *** piety under Beogh
  7355 | D:8      | Reached skill level 11 in Axes
  7449 | D:8      | Found a bloodstained altar of Trog.
  7449 | D:8      | Found a sacrificial altar of Ru.
  7480 | D:8      | Reached XP level 10. HP: 84/90 MP: 14/14
  7585 | D:8      | Noticed Harold
  7591 | D:8      | Found a hide-covered altar of Uskayaw.
  7599 | D:8      | Killed Harold
  7599 | D:8      | Reached skill level 10 in Fighting
  7890 | D:8      | Killed Grum
  7895 | D:8      | Reached skill level 12 in Axes
  7918 | D:8      | Got a polished morningstar
  7919 | D:8      | Identified the cursed +1 morningstar of Blind Justice
                  | {crush, rC+ MR+} (You found it on level 8 of the Dungeon)
  8104 | D:8      | Found a hide-covered altar of Uskayaw.
  8294 | D:8      | Got a warped dagger
  8313 | D:9      | Noticed a guardian serpent
  8313 | D:9      | a meliai changed into a guardian serpent
  8321 | D:9      | Killed a guardian serpent
  8321 | D:9      | Reached skill level 5 in Evocations
  8493 | D:9      | Noticed a two-headed ogre
  8500 | D:9      | Killed a two-headed ogre
  8500 | D:9      | Reached skill level 13 in Axes
  8500 | D:9      | Reached XP level 11. HP: 90/98 MP: 6/15
  8583 | D:9      | Reached skill level 14 in Axes
  8854 | D:9      | Found an ancient bone altar of Kikubaaqudgha.
  8875 | D:9      | Reached **** piety under Beogh
  8920 | D:9      | Noticed a two-headed ogre
  8930 | D:9      | Killed a two-headed ogre
  9324 | D:9      | Gained Grimold as an ally
  9589 | D:10     | Entered Level 10 of the Dungeon
  9754 | D:10     | Found Mulecwoc's Antique Weapon Shoppe.
  9913 | D:10     | Noticed a two-headed ogre
  9921 | D:10     | Killed a two-headed ogre
  9921 | D:10     | Reached skill level 15 in Axes
  9992 | D:10     | Noticed a two-headed ogre
 10003 | D:10     | Killed a two-headed ogre
 10201 | D:10     | Found a staircase to the Lair.
 10317 | D:10     | Found Emerph's Food Shop.
 10334 | D:10     | Killed an unseen horror
 10401 | D:11     | Reached ***** piety under Beogh
 10522 | D:11     | Noticed a green ugly thing
 10530 | D:11     | Killed a green ugly thing
 10583 | D:11     | Reached XP level 12. HP: 105/111 MP: 16/16
 10635 | D:11     | Noticed a two-headed ogre
 10642 | D:11     | Killed a two-headed ogre
 10643 | D:11     | Found a staircase to the Orcish Mines.
 10689 | D:11     | Reached skill level 16 in Axes
 10781 | D:11     | Identified a scroll of acquirement
 10783 | D:11     | Got a bloodstained battleaxe
 10789 | D:11     | Identified the +10 battleaxe of Simpemm {venom, rPois rF+}
                  | (You acquired it on level 11 of the Dungeon)
 11103 | D:12     | Noticed Maurice
 11111 | D:12     | Killed Maurice
 11163 | D:12     | Found a runed gate.
 11163 | D:12     | Found a runed gate.
 11163 | D:12     | Found a runed gate.
 11171 | D:12     | Noticed Lavandula's ghost (journeyman NaAE)
 11407 | D:12     | Noticed Urug
 11420 | D:12     | Killed Urug
 11475 | D:12     | Noticed Erolcha
 11483 | D:12     | Killed Erolcha
 11799 | Lair:1   | Entered Level 1 of the Lair of Beasts
 12634 | Lair:2   | Found a staircase to the Swamp.
 12689 | Lair:2   | Got an ichor-stained plate armour
 12700 | Lair:2   | Identified the +12 plate armour of Sojapiz {*Drain rF+
                  | Dex+2 Stlth+} (You acquired it on level 2 of the Lair of
                  | Beasts)
 12962 | Lair:2   | Reached skill level 5 in Armour
 13418 | Lair:3   | Reached skill level 17 in Axes
 13445 | Lair:3   | Noticed a five-headed hydra
 13452 | Lair:3   | Killed a five-headed hydra
 13457 | Lair:3   | Reached XP level 13. HP: 97/123 MP: 17/17
 13499 | Lair:3   | Found a staircase to the Snake Pit.
 14797 | Lair:5   | Demolished by a tyrant leech

Vault maps used:
D:1:      shiori_arrival_oz, minmay_quantized
D:2:      old_standard_altar, minmay_gold_behind_fungi, uniq_natasha
D:3:      amethyst_overflow_temple_binary, serial_bayou_pond_c, uniq_grinder,
          uniq_crazy_yiuf_cottage, uniq_ijyb
D:4:      evilmike_ruin_ashenzari, nicolae_qazlal_eye_of_the_storm, first_ration
D:5:      overflow_temple_1_default, uniq_duvessa, uniq_pikel
D:6:      elyvilon_altar_1, minmay_temple_entry_enclosed_plants, serial_shops,
          nicolae_shop_stone, mrwooster_statue_mirror
D:7:      serial_shops, kennysheep_little_box
D:8:      eat_drink_and_be_merry_uskayaw, gammafunk_temple_overflow_pools,
          basic_altar, uniq_grum, uniq_harold
D:9:      lemuel_mausoleum_altar_kikubaaqudgha, kennysheep_island_fort
D:10:     minmay_polygon_palace, grunt_lair_entry_orc_guard_hut, serial_shops,
          shop, nicolae_shop_overgrown_old_shop
D:11:     david_orc_2, serial_bayou, serial_bayou_shore_b, serial_bayou_pond_c,
          serial_bayou_pond_b, serial_bayou_crossing, serial_bayou_shore_a
D:12:     gammafunk_ghost_nasty_kobolds, uniq_maurice, uniq_erolcha, uniq_urug
Lair:2:   skrybe_swamp_entry_bodies, grunt_forest_stairs_clearing
Lair:3:   guppyfry_snake_entry_island, ice2_lemuel
Lair:4:   minmay_lair_oklob_tunnel, serial_forest, infiniplex_forest_end_1,
          infiniplex_forest_lined_ring, infiniplex_forest_straight_3,
          infiniplex_forest_3_way, infiniplex_forest_corner_1,
          infiniplex_forest_clump_long, infiniplex_forest_lined_3,
          serial_bayou_shore_b
Lair:5:   minmay_slime_entry_jelly_boxes, enter_volcano_1, st_stairs_6,
          worms_lemuel

Skill      XL: |  1  2  3  4  5  6  7  8  9 10 11 12 13 |
---------------+----------------------------------------+-----
Axes           | 3 4 5 6 8 9 10 11 13 15 17 | 17.5
Fighting       | 6 7 8 9 10 12 14 | 14.0
Invocations    | 6 |  6.0
Shields        | 6 7 |  7.2
Evocations     | 2 6 |  6.0
Armour         | 6 8 |  8.9

Action                   |  1- 3 |  4- 6 |  7- 9 | 10-12 | 13-15 || total
-------------------------+-------+-------+-------+-------+-------++-------
Melee: War axe           |    82 |   151 |   360 |   355 |       ||   948
       Unarmed           |       |     2 |       |       |       ||     2
       Battleaxe         |       |       |       |   130 |    63 ||   193
 Fire: Triple crossbow   |       |       |     3 |       |       ||     3
Invok: Convert to Beogh  |       |     1 |       |       |       ||     1
       Smiting           |       |       |       |     3 |       ||     3
       Recall Orcish Fol |       |       |       |     2 |     1 ||     3
Evoke: Wand              |       |       |     2 |       |     2 ||     4
  Use: Scroll            |       |       |    14 |    14 |     1 ||    29
       Potion            |       |       |       |     1 |     2 ||     3
 Stab: Distracted        |       |       |       |     4 |     2 ||     6
  Eat: Chunk             |     1 |     5 |    16 |    19 |     4 ||    45
Armor: Scale mail        |    34 |    80 |    95 |   143 |       ||   352
       Plate armour      |       |       |       |    28 |    29 ||    57
       Chain mail        |       |       |       |     2 |       ||     2
Dodge: Dodged            |    36 |    55 |   101 |   141 |    21 ||   354
Block: Shield            |    42 |    95 |   152 |   188 |       ||   477

Table legend:
 A = Non-vault XP
 B = Vault XP
 C = Vault XP percentage of total XP
 D = Non-vault monster count
 E = Vault monster count
 F = Vault count percentage of total count
                 A         B        C        D         E       F
            +---------+---------+-------+---------+---------+-------
      Total |   21415 |   17181 |  44.5 |     272 |     100 |  26.9
            +---------+---------+-------+---------+---------+-------
        D:1 |      29 |      13 |  31.0 |      17 |       7 |  29.2
        D:2 |      35 |      35 |  50.0 |      17 |       1 |   5.6
        D:3 |     262 |     358 |  57.7 |      37 |       3 |   7.5
        D:4 |     681 |       0 |   0.0 |      22 |       0 |   0.0
        D:5 |     649 |     828 |  56.1 |      18 |       3 |  14.3
        D:6 |     385 |       0 |   0.0 |      10 |       0 |   0.0
        D:7 |     870 |       0 |   0.0 |      17 |       0 |   0.0
        D:8 |    1043 |    1648 |  61.2 |      19 |       6 |  24.0
        D:9 |    3718 |    1283 |  25.7 |      26 |      15 |  36.6
       D:10 |    1564 |    3537 |  69.3 |      14 |      20 |  58.8
       D:11 |    2462 |     411 |  14.3 |      20 |       5 |  20.0
       D:12 |    1532 |    2189 |  58.8 |       9 |       3 |  25.0
     Lair:1 |    1162 |       0 |   0.0 |       9 |       0 |   0.0
     Lair:2 |    2560 |    1210 |  32.1 |      17 |       7 |  29.2
     Lair:3 |    3239 |    1660 |  33.9 |      14 |      12 |  46.2
     Lair:4 |     666 |       0 |   0.0 |       4 |       0 |   0.0
     Lair:5 |     558 |    4009 |  87.8 |       2 |      18 |  90.0
            +---------+---------+-------+---------+---------+-------
